[ AOE2 MATCH · #504969901 ]
UnrankedCelts vs Celts
Player's team · LOSS
Rival team · WIN
[ REPLAY ANALYSIS · EXTRACTED FROM THE RECORDED GAME ]
Feudal
9:30
Castle
34:16
Imperial
—
| APM avg | 67.7 |
| APM peak | 130 |
| eAPM avg | 46.1 |
| Villagers / military | 92 / 93 |
Focus
⚔️ 65.3% · 🌾 34.7%
Militia ×54 · Skirmisher ×24 · Archer ×10 · Spearman ×3 · Monk ×1 · Mangonel ×1
Feudal
11:02
Castle
33:36
Imperial
—
| APM avg | 49.0 |
| APM peak | 75 |
| eAPM avg | 23.1 |
| Villagers / military | 61 / 63 |
Focus
⚔️ 35.6% · 🌾 64.4%
Archer ×37 · Scout Cavalry ×22 · Militia ×3 · Skirmisher ×1
Match map
Initial resources + every placement click. Lines = walls · curves = elevation contours. ◆ gold · ⬟ stone · ● berries · ✦ relic · ◌ wall gap
Your base· Open — unwalled flank
TecuTecu's base· Open — 3t gap
Smoothed initial terrain · ◌ = detected wall gap · hover for details
Inputs per minute
— KIV.YourAddHere - - TecuTecu
Build order — KIV.YourAddHere
First 150 of 219 actions detected
| 0:00 | Create | Villager (Male) |
| 0:01 | Create | Villager (Male) |
| 0:02 | Build | House |
| 0:04 | Build | House |
| 0:18 | Create | Villager (Male) |
| 0:18 | Create | Villager (Male) |
| 0:18 | Create | Villager (Male) |
| 0:18 | Create | Villager (Male) |
| 1:34 | Create | Villager (Male) |
| 1:34 | Create | Villager (Male) |
| 1:34 | Create | Villager (Male) |
| 2:06 | Create | Villager (Male) |
| 2:07 | Create | Villager (Male) |
| 2:07 | Create | Villager (Male) |
| 2:18 | Build | Lumber Camp |
| 2:21 | Create | Villager (Male) |
| 2:21 | Create | Villager (Male) |
| 2:37 | Create | Villager (Male) |
| 3:06 | Create | Villager (Male) |
| 3:07 | Create | Villager (Male) |
| 3:27 | Create | Villager (Male) |
| 3:27 | Create | Villager (Male) |
| 3:29 | Build | House |
| 3:50 | Create | Villager (Male) |
| 3:50 | Create | Villager (Male) |
| 4:16 | Create | Villager (Male) |
| 4:17 | Create | Villager (Male) |
| 4:55 | Create | Villager (Male) |
| 5:18 | Create | Villager (Male) |
| 5:33 | Build | Barracks |
| 5:43 | Create | Villager (Male) |
| 5:52 | Research | Loom |
| 6:50 | Create | Villager (Male) |
| 7:20 | Research | Feudal Age |
| 7:39 | Create | Militia |
| 7:39 | Create | Militia |
| 7:47 | Build | House |
| 8:13 | Create | Militia |
| 8:22 | Build | Mining Camp |
| 8:36 | Create | Militia |
| 8:57 | Create | Villager (Male) |
| 9:30 | Age | Feudal Age |
| 9:39 | Create | Villager (Male) |
| 9:41 | Build | House |
| 9:58 | Create | Villager (Male) |
| 10:11 | Research | Man-at-Arms (upgrade) |
| 10:11 | Research | Man-at-Arms (upgrade) |
| 10:17 | Build | Watch Tower |
| 10:18 | Create | Villager (Male) |
| 10:22 | Build | Blacksmith |
| 10:26 | Build | Mill |
| 11:08 | Create | Villager (Male) |
| 11:08 | Create | Villager (Male) |
| 11:08 | Create | Villager (Male) |
| 11:22 | Build | Watch Tower |
| 11:33 | Build | Palisade Wall |
| 11:39 | Create | Villager (Male) |
| 11:39 | Create | Villager (Male) |
| 11:52 | Build | House |
| 12:22 | Create | Villager (Male) ×2 |
| 12:31 | Build | Farm |
| 12:32 | Build | Farm |
| 12:33 | Build | Farm |
| 12:53 | Create | Villager (Male) |
| 12:55 | Build | Farm |
| 12:57 | Build | Palisade Wall |
| 12:59 | Build | Palisade Wall |
| 13:03 | Build | Palisade Wall |
| 13:04 | Create | Villager (Male) |
| 13:11 | Build | Palisade Wall |
| 13:12 | Build | Palisade Wall |
| 13:30 | Build | Watch Tower |
| 13:34 | Create | Villager (Male) |
| 13:37 | Build | Palisade Wall |
| 14:04 | Create | Villager (Male) |
| 14:11 | Create | Villager (Male) |
| 14:36 | Build | Lumber Camp |
| 14:37 | Create | Villager (Male) |
| 14:39 | Build | Farm |
| 14:40 | Build | Farm |
| 14:49 | Create | Villager (Male) |
| 14:50 | Build | House |
| 14:59 | Create | Villager (Male) |
| 15:11 | Create | Militia |
| 15:20 | Research | Fletching |
| 15:20 | Research | Fletching |
| 15:26 | Create | Villager (Male) |
| 15:29 | Build | Farm |
| 15:31 | Build | Farm |
| 15:33 | Build | Farm |
| 15:40 | Create | Villager (Male) |
| 15:45 | Build | House |
| 15:47 | Build | House |
| 15:48 | Build | Palisade Wall |
| 15:54 | Build | Palisade Wall |
| 16:04 | Build | House |
| 16:05 | Build | Palisade Wall |
| 16:06 | Build | Palisade Wall |
| 16:11 | Build | Palisade Wall |
| 16:18 | Build | Archery Range |
| 16:22 | Create | Villager (Male) |
| 16:31 | Create | Villager (Male) |
| 16:48 | Build | Palisade Wall |
| 16:51 | Create | Skirmisher |
| 16:59 | Create | Villager (Male) ×3 |
| 17:09 | Build | Palisade Gate |
| 17:37 | Create | Villager (Male) |
| 17:49 | Build | Mining Camp |
| 17:54 | Build | House |
| 18:08 | Create | Villager (Male) ×3 |
| 18:16 | Build | Palisade Gate |
| 18:26 | Create | Skirmisher |
| 18:37 | Build | Farm |
| 18:43 | Build | Farm |
| 18:47 | Build | Farm |
| 18:51 | Create | Militia ×2 |
| 18:56 | Build | Farm |
| 19:23 | Build | Farm |
| 19:31 | Create | Militia |
| 19:32 | Create | Skirmisher |
| 19:34 | Create | Villager (Male) ×2 |
| 20:03 | Create | Militia |
| 20:07 | Research | Scale Mail Armor |
| 20:07 | Research | Scale Mail Armor |
| 20:09 | Build | Farm |
| 20:19 | Build | Farm |
| 20:40 | Build | Farm |
| 20:40 | Create | Villager (Male) ×2 |
| 20:47 | Create | Militia |
| 20:47 | Create | Militia |
| 20:47 | Create | Militia |
| 21:00 | Create | Skirmisher |
| 21:01 | Create | Villager (Male) |
| 21:32 | Create | Militia ×3 |
| 21:32 | Create | Militia ×3 |
| 21:40 | Create | Militia |
| 21:50 | Build | Barracks |
| 21:51 | Create | Villager (Male) |
| 22:20 | Create | Militia |
| 22:21 | Create | Militia |
| 22:23 | Create | Skirmisher ×2 |
| 22:26 | Create | Villager (Male) ×2 |
| 22:46 | Create | Skirmisher ×4 |
| 23:00 | Build | Farm |
| 23:00 | Build | Farm |
| 23:00 | Build | Farm |
| 23:01 | Build | Farm |
| 23:23 | Create | Militia |
| 23:23 | Create | Militia |
| 23:23 | Create | Militia |
Build order — TecuTecu
First 150 of 243 actions detected
| 0:00 | Create | Villager (Male) |
| 0:03 | Build | House |
| 0:05 | Build | House |
| 0:11 | Create | Villager (Male) |
| 0:11 | Create | Villager (Male) |
| 0:14 | Create | Villager (Male) |
| 0:14 | Create | Villager (Male) |
| 1:28 | Create | Villager (Male) |
| 1:28 | Create | Villager (Male) |
| 2:03 | Create | Villager (Male) |
| 2:31 | Create | Villager (Male) |
| 2:31 | Create | Villager (Male) |
| 3:01 | Build | Lumber Camp |
| 3:15 | Build | House |
| 3:20 | Create | Villager (Male) |
| 3:42 | Create | Villager (Male) |
| 3:42 | Create | Villager (Male) |
| 4:04 | Build | House |
| 4:28 | Create | Villager (Male) |
| 4:39 | Build | Palisade Wall |
| 4:43 | Build | Palisade Wall |
| 4:43 | Build | Palisade Wall |
| 4:46 | Create | Villager (Male) |
| 5:15 | Create | Villager (Male) |
| 5:32 | Create | Villager (Male) |
| 5:43 | Build | Palisade Wall |
| 5:51 | Create | Villager (Male) |
| 6:01 | Build | House |
| 6:08 | Build | Palisade Wall |
| 6:14 | Build | House |
| 6:24 | Build | Palisade Wall |
| 6:37 | Research | Loom |
| 7:05 | Create | Villager (Male) |
| 7:14 | Build | Palisade Wall |
| 7:15 | Build | Palisade Wall |
| 7:31 | Build | Palisade Wall |
| 7:33 | Build | Palisade Wall |
| 7:48 | Create | Villager (Male) |
| 8:10 | Build | Barracks |
| 8:22 | Create | Villager (Male) |
| 8:38 | Build | Mining Camp |
| 8:52 | Research | Feudal Age |
| 8:52 | Research | Feudal Age |
| 8:56 | Create | Militia |
| 9:04 | Build | House |
| 9:19 | Create | Militia |
| 9:48 | Build | House |
| 9:54 | Create | Militia |
| 10:08 | Build | Mill |
| 10:12 | Build | House |
| 11:02 | Age | Feudal Age |
| 11:05 | Research | Man-at-Arms (upgrade) |
| 11:05 | Research | Man-at-Arms (upgrade) |
| 11:07 | Research | Double-Bit Axe |
| 11:15 | Build | Archery Range |
| 11:19 | Create | Villager (Male) |
| 11:43 | Create | Villager (Male) |
| 12:01 | Build | Lumber Camp |
| 12:18 | Create | Archer |
| 12:18 | Create | Archer |
| 12:22 | Build | Blacksmith |
| 12:24 | Create | Villager (Male) |
| 12:25 | Create | Villager (Male) |
| 12:34 | Build | House |
| 12:53 | Create | Villager (Male) |
| 13:08 | Research | Fletching |
| 13:17 | Create | Archer |
| 14:07 | Create | Archer |
| 14:08 | Create | Villager (Male) |
| 14:09 | Create | Villager (Male) |
| 14:17 | Build | Farm |
| 14:20 | Build | Farm |
| 14:28 | Build | Mining Camp |
| 14:40 | Create | Archer |
| 14:42 | Create | Villager (Male) |
| 15:02 | Build | Farm |
| 15:04 | Build | Farm |
| 15:07 | Build | Farm |
| 15:09 | Create | Villager (Male) |
| 15:27 | Create | Archer |
| 15:31 | Create | Villager (Male) |
| 15:45 | Research | Padded Archer Armor |
| 15:50 | Create | Villager (Male) |
| 15:57 | Create | Archer |
| 16:05 | Build | Lumber Camp |
| 16:29 | Create | Villager (Male) |
| 16:31 | Create | Archer |
| 16:47 | Create | Villager (Male) |
| 16:49 | Create | Archer |
| 17:01 | Build | Market |
| 17:06 | Create | Archer |
| 17:24 | Create | Villager (Male) |
| 17:37 | Create | Villager (Male) |
| 17:43 | Create | Archer |
| 18:09 | Research | Wheelbarrow |
| 18:12 | Create | Archer |
| 18:19 | Build | House |
| 18:20 | Build | House |
| 18:20 | Build | House |
| 18:31 | Create | Archer |
| 19:06 | Build | Farm |
| 19:07 | Build | Farm |
| 19:27 | Create | Villager (Male) |
| 19:29 | Create | Villager (Male) |
| 20:11 | Build | Watch Tower |
| 20:28 | Create | Villager (Male) |
| 20:28 | Create | Villager (Male) |
| 20:30 | Create | Archer |
| 20:30 | Create | Archer |
| 20:41 | Build | House |
| 20:46 | Create | Archer |
| 20:58 | Build | Mining Camp |
| 21:36 | Build | Stable |
| 21:38 | Create | Villager (Male) |
| 21:51 | Build | Farm |
| 21:52 | Create | Villager (Male) |
| 21:56 | Create | Archer |
| 22:19 | Create | Scout Cavalry |
| 22:19 | Create | Scout Cavalry |
| 22:22 | Research | Scale Barding Armor |
| 22:24 | Create | Villager (Male) |
| 22:33 | Build | Mill |
| 22:35 | Build | Farm |
| 22:36 | Build | Farm |
| 22:37 | Build | Farm |
| 22:37 | Build | Farm |
| 23:05 | Create | Scout Cavalry |
| 23:06 | Create | Archer |
| 23:06 | Create | Archer |
| 23:09 | Build | Farm |
| 23:10 | Build | Farm |
| 23:11 | Create | Villager (Male) |
| 23:11 | Create | Villager (Male) |
| 23:13 | Create | Scout Cavalry |
| 23:32 | Create | Villager (Male) |
| 23:33 | Create | Archer |
| 23:34 | Create | Archer |
| 23:38 | Create | Villager (Male) |
| 24:02 | Research | Forging |
| 24:02 | Research | Forging |
| 24:02 | Create | Villager (Male) |
| 24:03 | Build | Farm |
| 24:04 | Build | Farm |
| 24:08 | Build | Farm |
| 24:10 | Build | Farm |
| 24:11 | Build | Farm |
| 24:11 | Build | Farm |
| 24:14 | Build | Farm |
| 24:14 | Build | Farm |
| 24:36 | Create | Scout Cavalry |
Match timeline
| 4:39 | TecuTecu · wall_segment Palisade Wall x1 |
| 4:43 | TecuTecu · wall_segment Palisade Wall x1 |
| 4:43 | TecuTecu · wall_segment Palisade Wall x1 |
| 5:33 | KIV.YourAddHere · first_building Barracks |
| 5:43 | TecuTecu · wall_segment Palisade Wall x2 |
| 6:08 | TecuTecu · wall_segment Palisade Wall x7 |
| 6:24 | TecuTecu · wall_segment Palisade Wall x1 |
| 7:14 | TecuTecu · wall_segment Palisade Wall x1 |
| 7:15 | TecuTecu · wall_segment Palisade Wall x1 |
| 7:31 | TecuTecu · wall_segment Palisade Wall x2 |
| 7:33 | TecuTecu · wall_segment Palisade Wall x3 |
| 8:10 | TecuTecu · first_building Barracks |
| 9:30 | KIV.YourAddHere · age_up feudal |
| 11:02 | TecuTecu · age_up feudal |
| 11:15 | TecuTecu · first_building Archery Range |
| 11:33 | KIV.YourAddHere · wall_segment Palisade Wall x1 |
| 12:57 | KIV.YourAddHere · wall_segment Palisade Wall x2 |
| 12:59 | KIV.YourAddHere · wall_segment Palisade Wall x4 |
| 13:03 | KIV.YourAddHere · wall_segment Palisade Wall x4 |
| 13:11 | KIV.YourAddHere · wall_segment Palisade Wall x2 |
| 13:12 | KIV.YourAddHere · wall_segment Palisade Wall x1 |
| 13:37 | KIV.YourAddHere · wall_segment Palisade Wall x1 |
| 15:48 | KIV.YourAddHere · wall_segment Palisade Wall x1 |
| 15:54 | KIV.YourAddHere · wall_segment Palisade Wall x9 |
| 16:05 | KIV.YourAddHere · wall_segment Palisade Wall x2 |
| 16:06 | KIV.YourAddHere · wall_segment Palisade Wall x3 |
| 16:11 | KIV.YourAddHere · wall_segment Palisade Wall x10 |
| 16:18 | KIV.YourAddHere · first_building Archery Range |
| 16:48 | KIV.YourAddHere · wall_segment Palisade Wall x9 |
| 18:50 | TecuTecu · first_market_sell 100 wood |
| 18:52 | TecuTecu · first_market_buy 100 food |
| 21:36 | TecuTecu · first_building Stable |
| 29:29 | KIV.YourAddHere · wall_segment Palisade Wall x1 |
| 31:08 | TecuTecu · wall_segment Palisade Wall x1 |
| 31:11 | KIV.YourAddHere · first_market_sell 100 wood |
| 33:36 | TecuTecu · age_up castle |
| 34:16 | KIV.YourAddHere · age_up castle |
| 34:21 | KIV.YourAddHere · first_building Monastery |
| 34:23 | KIV.YourAddHere · first_building Siege Workshop |
| 34:28 | TecuTecu · first_building Siege Workshop |
| 34:57 | KIV.YourAddHere · first_market_buy 100 stone |
| 35:33 | KIV.YourAddHere · resign |
[ AI ANALYSIS · 1 CREDIT ]
What really happened in this match?
Wolo.gg analyzes every decision: build order, eco, micro, common mistakes by bracket. Personalized analysis on WhatsApp or Discord in 30 seconds.
Civ guide
Celts
Perfil
Jugador #389780